 Dungeon Sprint DCSS version 0.30-a0-799-g109b55a442 (webtiles) character file.

Game seed: 3624728784449732352

3518 BigDaddyOpFi the Messiah (level 10, -5/99 HPs)
             Began as a Hill Orc Gladiator on Feb 20, 2023.
             Was the Champion of Beogh.
             Slain by a troll (10 damage)
             ... in the Dungeon (Sprint VII: "The Pits").
             The game lasted 00:02:49 (2091 turns).

BigDaddyOpFi the Messiah (Hill Orc Gladiator)       Turns: 2091, Time: 00:02:49

Health: -5/99      AC: 14    Str: 25    XL:     10   Next: 8%
Magic:  23/23      EV: 14    Int:  8    God:    Beogh [******]
Gold:   0          SH:  0    Dex: 12    Spells: 9/9 levels left

rFire   . . .      SeeInvis .    r - +2 war axe (heavy)
rCold   . . .      Faith    .    (no shield)
rNeg    . . .      Spirit   .    q - +4 chain mail
rPois   .          Reflect  .    c - +0 helmet
rElec   .          Harm     .    p - +0 cloak
rCorr   .          Rampage  .    (no gloves)
Will    .....      NoTele   +    (no boots) Stlth
                                 (no amulet)
HPRegen 0.36/turn                b - +3 ring of evasion
MPRegen 0.18/turn                n - +3 ring of strength

@: no status effects
A: walk on water
a: Renounce Religion, Smiting, Recall Orcish Followers, Give Item to Named
Follower, Resurrection


You were in the Dungeon.
You worshipped Beogh.
Beogh was exalted by your worship.
You visited 1 branch

Inventory:

Hand Weapons
 r - a +2 heavy war axe (weapon)
Missiles
 d - 3 throwing nets (quivered)
 e - 6 javelins
Armour
 c - a +0 helmet (worn)
 p - a +0 cloak (worn)
 q - a +4 chain mail (worn)
Jewellery
 b - a +3 ring of evasion (left hand)
 n - a +3 ring of strength (right hand)
Scrolls
 k - a scroll of blinking
Potions
 f - 7 potions of curing
 h - 3 potions of haste
 i - 4 potions of magic
 j - 2 potions of berserk rage
 l - 2 potions of invisibility
 m - 10 potions of heal wounds
 o - a potion of brilliance


   Skills:
 + Level 12.5 Fighting
 + Level 13.9 Axes
 - Level 2.2 Throwing
 + Level 9.2 Dodging
 * Level 18.2 Invocations


You had 9 spell levels left.
You didn't know any spells.
Your spell library was empty.

Dungeon Overview and Level Annotations

Branches:
Dungeon (1/1)

Altars:
Ashenzari
Cheibriados
Dithmenos
Elyvilon
Fedhas
Gozag
Hepliaklqana
Kikubaaqudgha
Makhleb
Nemelex Xobeh
Okawaru
Qazlal
Ru
Sif Muna
Trog
Uskayaw
Vehumet
Wu Jian
Xom
Yredelemnul
Zin
The Shining One
Beogh
Jiyva
Lugonu

Annotations:
D Josephine


Message History

The polar bear claws you but does no damage. x2
The troll bites you! The troll misses you. The troll claws you!
Josephine moves out of view.
You slash the troll!
The troll is moderately wounded.
You slice the polar bear!! You hit the rat.
The jumping spider leaps!
The rat barely misses you. The troll bites you.
The troll claws you but does no damage. The troll barely misses you.
The polar bear bites you. The polar bear closely misses you.
The polar bear misses you.
You slash the troll!
The troll is heavily wounded.
You slice the polar bear!!
You kill the polar bear!
Beogh accepts your kill.
You slash the rat!
You kill the rat!
Beogh accepts your kill.
The jumping spider leaps!
The troll bites you. The troll barely misses you. The troll misses you.
You closely miss the troll.
The troll is heavily wounded.
You slice the wraith!! You slice the jumping spider!!
The jumping spider pounces on you! The jumping spider closely misses you.
The troll bites you. The troll claws you but does no damage.
The troll closely misses you. The wraith barely misses you.
The jumping spider pounces on you!
You are caught in a web!
The jumping spider barely misses you. The troll completely misses you.
The troll claws you!
* * * LOW HITPOINT WARNING * * *
The troll claws you!
* * * LOW HITPOINT WARNING * * *
The wraith barely misses you.
You hear a distant slurping noise.
The web tears apart.
The jumping spider pounces on you!
* * * LOW HITPOINT WARNING * * *
The jumping spider misses you.
A wraith comes into view.
The wraith closely misses you. The troll bites you!
You die...

....##..##........
....##')#)..#..#...#
######..)..........+ W
######)'#...#..#... ..
...[##..##........ ##.##
...[##...###....###@°..#
..)[##.....##..##.....#
..))###.....'..'T†...#
!.))# ###...'..s@W.#
##### ############


You could see Josephine, a troll, 2 wraiths and a jumping spider.

Vanquished Creatures
  Urug (D)
  A deep elf pyromancer (D)
  A manticore (D)
  A komodo dragon (D)
  A rime drake (D)
  2 polar bears (D)
  A shadow (D)
  A fire bat (D)
  A wyvern (D)
  A warg (D)
  An ice beast (D)
  A centaur (D)
  A kobold brigand (D)
  A bullfrog (D)
  A necrophage (D)
  A gnoll sergeant (D)
  A scorpion (D)
  An iron imp (D)
  A hell rat (D)
  2 mummies (D)
  6 gnolls (D)
  An adder (D)
  An adder zombie (D)
  A worm (D)
  4 orcs (D)
  A giant cockroach (D)
  A goblin (D)
  A hobgoblin (D)
  3 jackals (D)
  A quokka (D)
  A quokka skeleton (D)
  2 rats (D)
45 creatures vanquished.

Vanquished Creatures (collateral kills)
  A troll (D)
  A jackal (D)
2 creatures vanquished.

Vanquished Creatures (others)
  An orc warrior (D)
1 creature vanquished.

Grand Total: 48 creatures vanquished

Notes
Turn   | Place    | Note
-------+----------+-------------------------------------------
     0 | D        | BigDaddyOpFi the Hill Orc Gladiator began the quest for the
                  | Orb.
     0 | D        | Reached XP level 1. HP: 18/18 MP: 1/1
    15 | D        | Found a bloodstained altar of Trog.
    15 | D        | Found a shimmering blue altar of Sif Muna.
    15 | D        | Found a viscous altar of Jiyva.
    15 | D        | Found a hazy altar of Hepliaklqana.
    15 | D        | Found an opulent altar of Gozag.
    16 | D        | Found a glowing golden altar of the Shining One.
    16 | D        | Found a glowing silver altar of Zin.
    16 | D        | Found a basalt altar of Yredelemnul.
    16 | D        | Found a shimmering altar of Xom.
    16 | D        | Found an ornate altar of the Wu Jian Council.
    16 | D        | Found a sacrificial altar of Ru.
    16 | D        | Found a stormy altar of Qazlal.
    16 | D        | Found an iron altar of Okawaru.
    16 | D        | Found a sparkling altar of Nemelex Xobeh.
    16 | D        | Found a burning altar of Makhleb.
    16 | D        | Found a blossoming altar of Fedhas.
    16 | D        | Found a white marble altar of Elyvilon.
    16 | D        | Found a shadowy altar of Dithmenos.
    16 | D        | Found a snail-covered altar of Cheibriados.
    18 | D        | Found a corrupted altar of Lugonu.
    18 | D        | Found a radiant altar of Vehumet.
    18 | D        | Found a roughly hewn altar of Beogh.
    19 | D        | Found an ancient bone altar of Kikubaaqudgha.
    19 | D        | Found a hide-covered altar of Uskayaw.
    19 | D        | Found a broken altar of Ashenzari.
    27 | D        | Became a worshipper of Beogh the Brigand
   172 | D        | Reached skill level 5 in Axes
   172 | D        | Reached skill level 2 in Invocations
   172 | D        | Reached XP level 2. HP: 26/26 MP: 2/4
   172 | D        | Reached * piety under Beogh
   184 | D        | Reached skill level 3 in Invocations
   184 | D        | Reached XP level 3. HP: 25/33 MP: 3/5
   213 | D        | Noticed a necrophage
   219 | D        | Reached ** piety under Beogh
   220 | D        | Reached skill level 4 in Invocations
   220 | D        | Killed a necrophage
   221 | D        | Reached skill level 5 in Fighting
   221 | D        | Reached skill level 6 in Invocations
   221 | D        | Reached XP level 4. HP: 32/42 MP: 5/8
   371 | D        | Noticed a warg
   372 | D        | Noticed an ice beast
   381 | D        | Killed a warg
   381 | D        | Reached *** piety under Beogh
   382 | D        | Reached skill level 5 in Dodging
   382 | D        | Reached skill level 9 in Invocations
   382 | D        | Reached XP level 5. HP: 29/51 MP: 8/11
   391 | D        | Reached XP level 6. HP: 25/58 MP: 9/13
   394 | D        | Killed an ice beast
   395 | D        | Reached skill level 10 in Invocations
   402 | D        | Reached **** piety under Beogh
   416 | D        | Reached skill level 11 in Invocations
   654 | D        | Reached XP level 7. HP: 68/68 MP: 15/15
   656 | D        | Noticed a shadow
   661 | D        | Killed a shadow
   661 | D        | Reached ***** piety under Beogh
   662 | D        | Reached skill level 10 in Axes
   662 | D        | Reached skill level 12 in Invocations
   908 | D        | Noticed a fire bat
   914 | D        | Killed a fire bat
   915 | D        | Reached skill level 13 in Invocations
  1119 | D        | Noticed a troll
  1119 | D        | Noticed a rime drake
  1124 | D        | Killed a rime drake
  1125 | D        | Reached skill level 14 in Invocations
  1125 | D        | Reached XP level 8. HP: 34/79 MP: 14/18
  1128 | D        | Killed a troll
  1129 | D        | Reached skill level 10 in Fighting
  1524 | D        | Noticed a deep elf pyromancer
  1524 | D        | Noticed a polar bear
  1530 | D        | Killed a deep elf pyromancer
  1531 | D        | Reached skill level 15 in Invocations
  1533 | D        | Killed a polar bear
  1534 | D        | Reached XP level 9. HP: 40/89 MP: 18/20
  1824 | D        | Noticed Urug
  1830 | D        | Noticed a manticore
  1833 | D        | Killed Urug
  1834 | D        | Reached skill level 16 in Invocations
  1834 | D        | Noticed a komodo dragon
  1834 | D        | Reached ****** piety under Beogh
  1838 | D        | Reached skill level 17 in Invocations
  1841 | D        | Killed a komodo dragon
  1851 | D        | Killed a manticore
  1852 | D        | Reached skill level 18 in Invocations
  1852 | D        | Reached XP level 10. HP: 59/99 MP: 21/23
  2087 | D        | Noticed Josephine
  2091 | D        | Slain by a troll

Illustrated notes

Levels and vault maps discovered:
D:        pitsprint [storerooms_1, entrance_room_1, metal_vault_4, armoury_2,
          mini_pit_1, grid_room_1, main_hall_1, silver_pit, the_coven_3,
          the_vestibule_1, steel_vault_1, golden_pit, hallway_of_sentries,
          crystal_vault_2, iron_vault_3, final_vault]

Skill      XL: |  1  2  3  4  5  6  7  8  9 |
---------------+----------------------------+-----
Fighting       | 3 5 6 8 9 11 12 | 12.5
Throwing       | 2 |  2.2
Axes           | 5 6 8 9 11 12 13 | 13.9
Dodging        | 3 4 5 6 7 8 9 |  9.2
Invocations    | 2 3 6 9 11 14 15 18 | 18.2

Action                     |  1- 3 |  4- 6 |  7- 9 | 10-12 || total
---------------------------+-------+-------+-------+-------++-------
  Melee: War axe           |    26 |    45 |    48 |     3 ||   122
         Punch             |       |     1 |     1 |       ||     2
 Invoke: Smiting           |       |       |     2 |       ||     2
    Use: Potion            |     2 |     1 |       |       ||     3
   Stab: Distracted        |       |       |     1 |       ||     1
 Armour: Leather armour    |     8 |       |       |       ||     8
         Chain mail        |       |    16 |    47 |     4 ||    67
  Dodge: Dodged            |    25 |    21 |    52 |    17 ||   115

Table legend: (Time is in decaauts)
 A = Elapsed time spent in this place.
 B = Non-inter-level travel time spent in this place.
 C = Inter-level travel time spent in this place.
 D = Time resting spent in this place.
 E = Time spent auto-exploring this place.
 F = Levels seen in this place.
 G = Mean time per level.
                   A        B        C        D        E       F      G
               +--------+--------+--------+--------+--------+-----+--------+
         Total |   2119 |   2060 |     59 |   1685 |      0 |   1 | 2119.0 |
       Dungeon |   2119 |   2060 |     59 |   1685 |      0 |   1 | 2119.0 |
               +--------+--------+--------+--------+--------+-----+--------+

Top non-repeatable levels by time:
       D: 2119 daAuts
